Map: Echo LE (Void)

Players

Javert - Winner!

  • Race: Zerg Zerg

ThighGap

  • Race: Protoss Protoss

VOD

Have the link to the VOD?

Description

Time

  • Played on: May 1, 2015, 12:29 a.m.
  • Length: 1:35
Show
View Real Time Build Order
Export as new Build Order

Javert Zerg - Winner!

Build Orders: Hatch First 

Get SALT Encoding   

  12  0:01  Drone  
  13  0:13  Overlord  
  13  0:23  Drone  
  14  0:32  Drone x2  
  16  0:37  Drone  
  17  0:54  Hatchery  
  16  0:58  Drone  
  16  1:00  Extractor  
  16  1:13  Spawning Pool  
  16  1:15  Drone  
  16  1:18  Drone  
  17  1:22  Drone  
Show
View Real Time Build Order
Export as new Build Order

ThighGap Protoss 

Build Orders:  

Get SALT Encoding   

  12  0:01  Probe  
  13  0:15  Pylon  
  13  0:18  Probe  
  14  0:36  Probe (Chrono Boost)  
  15  0:46  Probe (Chrono Boost)  
  15  0:49  Gateway  
  16  0:55  Gateway  
  16  0:56  Probe  
  17  1:04  Pylon  
  17  1:11  Assimilator  
  17  1:12  Probe  
  18  1:24  Probe (Chrono Boost)  
Tags
 
Add a new tag
Caveats
  • Supply blocks, unpowered buildings, or Contaminate may cause inaccurate times.
  • Supply counts are checked every 10 seconds.